 Dungeon Crawl Stone Soup version 0.23.0-2-g0fe3ce5 (webtiles) character file.

Game seed: 11353711214113120104

66 Inarius the Skirmisher (level 4, -2/40 HPs)
             Began as a Ghoul Fighter on Feb 19, 2019.
             Slain by a gnoll
             ... wielding a +0 halberd
              (3 damage)
             ... on level 2 of the Dungeon.
             The game lasted 00:01:20 (741 turns).

Inarius the Skirmisher (Ghoul Fighter)               Turns: 741, Time: 00:01:21

Health: -2/40      AC:  7    Str: 24    XL:     4   Next: 15%
Magic:  3/3        EV:  7    Int:  4    God:
Gold:   72         SH:  9    Dex:  8    Spells: 3/3 levels left

rFire    . . .     SeeInvis .   a - +0 war axe
rCold    + . .     Gourm    .   c - +0 shield
rNeg     + + +     Faith    .   b - +0 scale mail
rPois    ∞         Spirit   .   (no helmet)
rElec    .         Reflect  .   (no cloak)
rCorr    .         Harm     .   k - +0 pair of gloves
MR       .....                  (no boots)
Stlth    ..........             (no amulet)
HPRegen  0.00/turn              (no ring)
MPRegen  0.08/turn              (no ring)

@: mighty, rotting
A: rotting body, claws 1, carnivore, cold resistance 1, negative energy
resistance 3, inhibited regeneration, torment resistance, unbreathing
a: no special abilities


You were on level 2 of the Dungeon.
You were not hungry.

You visited 1 branch of the dungeon, and saw 2 of its levels.

You collected 72 gold pieces.

Inventory:

Hand Weapons
 a - a +0 war axe (weapon)
Armour
 b - a +0 scale mail (worn)
 c - a +0 shield (worn)
 k - a +0 pair of gloves (worn)
Scrolls
 j - a scroll of teleportation {unknown}
Potions
 e - a potion of lignification {unknown}
 h - a potion of flight {unknown}
 i - a potion of heal wounds {unknown}
Comestibles
 f - 2 rations
 g - 3 chunks of flesh


   Skills:
 + Level 3.9 Fighting
 * Level 2.8 Axes
 + Level 2.9 Armour
 + Level 0.2 Dodging
 + Level 3.0 Shields


You had 3 spell levels left.
You didn't know any spells.
Your spell library was empty.

Dungeon Overview and Level Annotations

Branches:
Dungeon (2/15)

Altars:


Innate Abilities, Weirdness & Mutations

Your body is rotting away.
You thrive on raw meat.
You are immune to poison.
You have sharp fingernails.
You are carnivorous and can eat meat at any time.
Your flesh is cold resistant. (rC+)
You are immune to negative energy. (rN+++)
You do not regenerate when monsters are visible.
You are immune to unholy pain and torment.
You can survive without breathing.


Message History

You block the gnoll's attack. The gnoll closely misses you.
You block the gnoll's attack. x2
You slash the gnoll!
You kill the gnoll!
Your Shields skill increases to level 3!
You block the gnoll's attack.
The gnoll hits you from afar with a +0 spear.
* * * LOW HITPOINT WARNING * * *
You block the gnoll's attack. The gnoll barely misses you.
Things that are here:
a +0 halberd; a gnoll corpse You closely miss the gnoll.
You slash the gnoll! The gnoll closely misses you. x3
You barely miss the gnoll. x2; The gnoll hits you with a +0 halberd.
* * * LOW HITPOINT WARNING * * *
You block the gnoll's attack.
You closely miss the gnoll. You hit the gnoll.
You kill the gnoll!
You have reached level 4!
The gnoll hits you with a +0 halberd.
You die...

#. .. ###. #.. #
#.# ... #. #.# ..#
. ##. #.##.. ..
#...#)##.##.
#...#@#....
#...)g#..#
#...#.#..#
#........#
.......$...#
###..#...#.#
#......#.##+#####+
##................
##...............


You could see a gnoll.

Vanquished Creatures
  An adder (D:2)
  3 gnolls (D:2)
  A worm (D:1)
  3 leopard geckos (D:1)
  2 giant cockroaches (D:1)
  A goblin (D:1)
  A hobgoblin (D:1)
  A quokka (D:2)
  A ball python (D:1)
  4 bats (D:1)
  A frilled lizard (D:1)
  3 kobolds (D:1)
  2 rats (D:1)
24 creatures vanquished.

Notes
Turn   | Place    | Note
-------+----------+-------------------------------------------
     0 | D:1      | Inarius the Ghoul Fighter began the quest for the Orb.
     0 | D:1      | Reached XP level 1. HP: 19/19 MP: 0/0
   182 | D:1      | Reached XP level 2. HP: 26/26 MP: 1/1
   550 | D:1      | Reached XP level 3. HP: 29/33 MP: 2/2
   740 | D:2      | HP: 1/33 [gnoll/+0 halberd (4)]
   741 | D:2      | Reached XP level 4. HP: 1/40 MP: 3/3
   741 | D:2      | Slain by a gnoll

Skill      XL: |  1  2  3 |
---------------+----------+-----
Axes           | 2 |  2.8
Shields        | 3 |  3.0
Fighting       | |  3.9
Armour         | |  2.9
Dodging        | |  0.2

Action                   |  1- 3 |  4- 6 || total
-------------------------+-------+-------++-------
Melee: War axe           |    85 |       ||    85
  Use: Potion            |     1 |       ||     1
  Eat: Chunk             |     7 |       ||     7
Armor: Scale mail        |    44 |       ||    44
Dodge: Dodged            |    36 |       ||    36
Block: Shield            |    63 |       ||    63
